 Seeded DCSS version 0.28.0-53-g5a82cb258f (webtiles) character file.

Game seed: 1 (custom seed)

42 Kazon the Skirmisher (level 3, -1/26 HPs)
             Began as a Vampire Fighter on July 11, 2022.
             Slain by Terence
             ... wielding a +0 trident of freezing
              (5 damage)
             ... on level 2 of the Dungeon.
             The game lasted 00:04:52 (1112 turns).

Kazon the Skirmisher (Vampire Fighter)              Turns: 1112, Time: 00:04:52

Health: -1/26      AC:  8    Str: 17    XL:     3   Next: 33%
Magic:  3/3        EV:  9    Int: 10    God:
Gold:   60         SH:  9    Dex: 13    Spells: 2/2 levels left

rFire   . . .      SeeInvis +   a - +0 long sword
rCold   . . .      Faith    .   c - +0 buckler
rNeg    . . .      Spirit   .   b - +0 scale mail
rPois   .          Reflect  +   h - +0 helmet
rElec   .          Harm     .   (no cloak)
rCorr   .          Rampage  .   k - +0 pair of gloves
Will    +....                   (no boots)
Stlth   ..........              n - amulet of reflection
HPRegen 0.28/turn               (no ring)
MPRegen 0.08/turn               (no ring)

@: healing quickly
A: alive, fangs 3, see invisible, vampiric 2, frail 1, strong-willed 1,
evolution 1
a: Exsanguinate


You were on level 2 of the Dungeon.
You visited 1 branch of the dungeon, and saw 3 of its levels.

You collected 60 gold pieces.

Inventory:

Hand Weapons
 a - a +0 long sword (weapon)
Missiles
 e - 37 stones (quivered)
Armour
 b - a +0 scale mail (worn)
 c - a +0 buckler (worn)
 h - a +0 helmet (worn)
 k - a +0 pair of gloves (worn)
Jewellery
 j - a ring of wizardry
 n - an amulet of reflection (around neck)
Scrolls
 i - a scroll of identify {unknown}
 m - a scroll of magic mapping {unknown}
Potions
 d - a potion of might
 f - a potion of curing {unknown}
 g - a potion of flight {unknown}
 l - a potion of degeneration {unknown}


   Skills:
 + Level 3.0 Fighting
 + Level 2.7 Long Blades
 + Level 2.7 Armour
 + Level 0.1 Dodging
 + Level 2.9 Shields


You had 2 spell levels left.
You didn't know any spells.
Your spell library was empty.

Dungeon Overview and Level Annotations

Branches:
Dungeon (3/15)

Altars:

Annotations:
D:2 Terence


Innate Abilities, Weirdness & Mutations

Your natural rate of healing is accelerated.
You have razor-sharp teeth.
You have supernaturally acute eyesight. (SInv)
You are afflicted with vampirism and can become a bat while bloodless.
You are frail. (-10% HP)
You are strong-willed. (Will+)
You have hidden genetic potential.


Message History

Aim: a bat (42% to hit)
You throw a stone. The stone misses the bat.
The bat closely misses you. The bat hits you but does no damage.
You barely miss the bat. The bat misses you. The bat closely misses you.
The bat hits you but does no damage.
You slash the bat!
You kill the bat!
e - 36 stones (gained 11)
Found 12 bolts.
e - 37 stones (gained 1)
Found an escape hatch in the ceiling.
Found a stone staircase leading down.
Found a runed copper amulet.
There is an escape hatch in the ceiling here.
n - an amulet of reflection You start putting on your amulet.
You continue putting on your amulet of reflection. x5
You finish putting on your amulet of reflection.
You feel a shielding aura gather around you.
n - an amulet of reflection (around neck)
There is an escape hatch in the ceiling here.
A mysterious force pulls you upwards. The hatch slams shut behind you.
The endoplasm quivers.
Found a potion of mutation and a robe.
Found a stone staircase leading up.
The bat hits you but does no damage.
Terence hits you from afar with a +0 trident of freezing!
Terence freezes you. You block Terence's attack. The bat barely misses you.
The bat barely misses you.
Terence hits you from afar with a +0 trident of freezing!
* * * LOW HITPOINT WARNING * * *
Terence freezes you.
* * * LOW HITPOINT WARNING * * *
The bat hits you but does no damage. The bat hits you.
* * * LOW HITPOINT WARNING * * *
Terence hits you from afar with a +0 trident of freezing.
You die...

########## ##........#####
##.............#
#..............#
..........b@..<#
...............#
#.........@....#
...............# #######
.#........#...... .>##.....#
......[........##...........
#........J......####........
#...............##..........
#............#..............


You could see Terence, an endoplasm and a bat.

Vanquished Creatures
  A dart slug (D:1)
  4 endoplasms
  3 giant cockroaches (D:1)
  3 goblins (D:1)
  4 hobgoblins
  4 jackals (D:2)
  3 kobolds
  2 ball pythons (D:2)
  6 bats
  4 rats
34 creatures vanquished.

Notes
Turn   | Place    | Note
-------+----------+-------------------------------------------
     0 | D:1      | Kazon the Vampire Fighter began the quest for the Orb.
     0 | D:1      | Reached XP level 1. HP: 17/17 MP: 1/1
   104 | D:1      | Reached XP level 2. HP: 23/23 MP: 2/2
   106 | D:1      | Reached skill level 3 in Fighting
   602 | D:1      | Found a faded altar of an unknown god.
   744 | D:2      | Gained mutation: You are afflicted with vampirism and can
                  | become a bat while bloodless. [Vampire growth]
   744 | D:2      | Reached XP level 3. HP: 29/29 MP: 3/3
   831 | D:2      | Gained mutation: You have hidden genetic potential. [potion
                  | of mutation]
   831 | D:2      | Gained mutation: You are frail. (-10% HP) [potion of
                  | mutation]
   831 | D:2      | Gained mutation: You are strong-willed. (Will+) [potion of
                  | mutation]
  1108 | D:2      | Noticed Terence
  1112 | D:2      | Slain by Terence

Illustrated notes

Levels and vault maps discovered:
D:1:      zelgadis_glass_arrival_small, layout_basic,
          dreamdust_ecumenical_altar_grove
D:2:      layout_rooms, uniq_terence
D:3:      layout_basic, gammafunk_ghost_necromancy, uniq_grinder, uniq_sigmund

Skill      XL: |  1  2 |
---------------+-------+-----
Fighting       | 3 |  3.0
Long Blades    | |  2.7
Armour         | |  2.7
Dodging        | |  0.1
Shields        | |  2.9

Action                   || total
-------------------------++-------
Melee: Long sword        ||    80
       Bite              ||     7
Throw: Stone             ||    34
  Use: Potion            ||     1
Armor: Scale mail        ||    46
Dodge: Dodged            ||    24
Block: Buckler           ||    19
